 Dungeon Crawl Stone Soup version 0.29.0-13-gc9e81de378 (webtiles) character file.

Game seed: 14442945836658053974

1157 avis the Insei (level 7, -5/57 HPs)
             Began as a Demigod Transmuter on Sept 10, 2022.
             Slain by an iguana (13 damage)
             ... on level 4 of the Dungeon.
             The game lasted 00:26:48 (4986 turns).

avis the Insei (Demigod Transmuter)                 Turns: 4986, Time: 00:26:49

Health: -5/57      AC:  3    Str: 15    XL:     7   Next: 94%
Magic:  13/13      EV: 12    Int: 15    God:
Gold:   292        SH:  0    Dex: 18    Spells: 2/10 levels left

rFire   . . .      SeeInvis +   b - +0 shortbow
rCold   . . .      Faith    .   (shield currently unavailable)
rNeg    . . .      Spirit   .   a - +0 robe
rPois   .          Reflect  .   (no helmet)
rElec   .          Harm     .   (no cloak)
rCorr   .          Rampage  .   g - +0 pair of gloves
Will    .....                   (no boots)
Stlth   ++........              (no amulet)
HPRegen 0.19/turn               z - ring of see invisible
MPRegen 0.13/turn               (no ring)

@: brilliant, hasted (expiring), very quick
A: high MP 1, forlorn, divine attributes
a: no special abilities


You were on level 4 of the Dungeon.
You visited 1 branch of the dungeon, and saw 4 of its levels.

You collected 292 gold pieces.

Inventory:

Hand Weapons
 b - a +0 shortbow (weapon)
 h - a +2 vampiric spear
 m - a +1 vorpal mace
 q - a +2 vampiric dagger
 u - a +1 short sword of chaos
 w - a +0 flail of protection
Missiles
 n - 9 javelins
 p - 10 poisoned darts
 y - 4 boomerangs
Armour
 a - a +0 robe (worn)
 g - a +0 pair of gloves (worn)
 o - a +2 ring mail of cold resistance
Jewellery
 z - a ring of see invisible (left hand)
Scrolls
 f - 2 scrolls of teleportation {unknown}
 k - 3 scrolls of identify {unknown}
 l - a scroll of brand weapon {unknown}
 r - a scroll of poison {unknown}
 x - a scroll of silence {unknown}
 A - a scroll of magic mapping {unknown}
Potions
 c - a potion of ambrosia
 d - a potion of flight {unknown}
 e - a potion of haste
 i - 2 potions of attraction
 j - a potion of brilliance
 t - a potion of curing {unknown}


   Skills:
 - Level 3.0 Fighting
 - Level 2.0 Dodging
 * Level 7.8 Unarmed Combat
 - Level 2.0 Spellcasting
 - Level 4.0 Transmutations
 - Level 1.0 Poison Magic


You had 2 spell levels left.
You knew the following spells:

 Your Spells              Type           Power      Damage    Failure   Level
a - Beastly Appendage     Tmut           40%        N/A       4%          1
p - Spider Form           Tmut/Pois      13%        N/A       24%         3
q - Ice Form              Ice/Tmut       11%        N/A       67%         4

Your spell library contained the following spells:

 Spells                   Type           Power      Damage    Failure   Level
 Wereblood                Tmut           20%        N/A       6%          2
 Magic Dart               Conj           8%         1d3       22%         1
 Call Imp                 Summ           2%         N/A       32%         2
 Scorch                   Fire           4%         2d5       32%         2
 Mephitic Cloud           Conj/Pois/Air  3%         N/A       52%         3
 Flame Wave               Conj/Fire      2%         2d4       91%         4
 Summon Cactus Giant      Summ           1%         N/A       100%        6


Dungeon Overview and Level Annotations

Branches:
Dungeon (4/15)
 Temple: D:4-7

Shops:
D:4 [[


Innate Abilities, Weirdness & Mutations

You have an increased reservoir of magic. (+10% MP)
You shall have no god before yourself.
Your divine heritage dramatically boosts your attributes as you level up.


Message History

Fire: b) +0 shortbow
Press: ? - help, Q - select action, (/) - cycle Shift-Dir - straight line, f/p - Pikel
Aim: Pikel, wielding a +1 whip of flaming and wearing a +0 robe (almost dead, 55% to hit)
You shoot an arrow. The arrow closely misses Pikel.
The arrow completely misses the lemure.
The arrow hits the lemure.
The lemure is moderately wounded.
The iguana bites you but does no damage.
Pikel hits you but does no damage.
Fire: b) +0 shortbow
Press: ? - help, Q - select action, (/) - cycle Shift-Dir - straight line, f/p - Pikel
Aim: Pikel, wielding a +1 whip of flaming and wearing a +0 robe (almost dead, 55% to hit)
You shoot an arrow.
The arrow hits Pikel but does no damage.
Pikel is almost dead.
The iguana bites you but does no damage.
Pikel hits you but does no damage.
Fire: b) +0 shortbow
Press: ? - help, Q - select action, (/) - cycle Shift-Dir - straight line, f/p - Pikel
Aim: Pikel, wielding a +1 whip of flaming and wearing a +0 robe (almost dead, 55% to hit)
You shoot an arrow. The arrow hits Pikel!
You kill Pikel!
With Pikel's spell broken, his former minions thank you for their freedom.
The lemure departs this earthly plane. x3
You feel less wooden.
Your +0 pair of gloves unmelds from your body.
Your +0 robe unmelds from your body.
The iguana bites you!
* * * LOW HITPOINT WARNING * * *
Training target 7.0 for Unarmed Combat reached!
Your Unarmed Combat skill increases to level 7!
You need to enable at least one skill for training.
Training target 4.0 for Transmutations reached!
Your Transmutations skill increases to level 4!
You need to enable at least one skill for training.
Fire: b) +0 shortbow
Press: ? - help, Q - select action, (/) - cycle Shift-Dir - straight line, f - iguana
Aim: an iguana (black smoke, 65% to hit)
You shoot an arrow. The arrow closely misses the iguana.
The iguana bites you!
You die...

#######...##
#.#
...........#
#5####
#######>..##
#)...# ##.##
####.# #.#
######5...#
#.#
#...lK....#
#.#
#..5.######
#.#
#.####....#
########.#
#.§§§@)...#
.........#
#..§l####.#
##########
###### ## .#
.# #.# ###
.# #.# ..#
## #.# #.# #
#.# #.#


You could see an iguana.

Vanquished Creatures
  Pikel (D:4)
  Edmund (D:4)
  Duvessa (D:4)
  A sky beast (D:4)
  A black bear (D:4)
  An ogre (D:3)
  Dowan (D:4)
  An orc priest (D:3)
  A hound (D:4)
  An orc wizard (D:4)
  2 adders
  3 worms
  3 dart slugs
  9 orcs
  3 endoplasms
  A giant cockroach (D:2)
  4 goblins
  6 hobgoblins
  4 jackals (D:3)
  11 kobolds
  5 quokkas
  5 ball pythons
  6 bats
  3 frilled lizards
  5 rats
80 creatures vanquished.

Notes
Turn   | Place    | Note
-------+----------+-------------------------------------------
     0 | D:1      | avis the Demigod Transmuter began the quest for the Orb.
     0 | D:1      | Reached XP level 1. HP: 15/15 MP: 5/5
    68 | D:1      | Reached skill level 1 in Fighting
   116 | D:1      | Reached skill level 3 in Unarmed Combat
   274 | D:1      | Reached XP level 2. HP: 19/23 MP: 5/7
   883 | D:2      | Reached XP level 3. HP: 27/28 MP: 6/8
   886 | D:2      | Reached skill level 4 in Unarmed Combat
   904 | D:2      | Learned a level 3 spell: Spider Form
  1106 | D:2      | You fall into a shaft and drop 1 floor!
  2026 | D:3      | Found a large runed translucent door.
  2026 | D:3      | Found a large runed translucent door.
  2060 | D:3      | Found a large runed translucent door.
  2060 | D:3      | Found a large runed translucent door.
  2428 | D:3      | Reached skill level 1 in Poison Magic
  2722 | D:3      | Reached XP level 4. HP: 20/36 MP: 5/9
  3287 | D:4      | Noticed an ogre
  3287 | D:4      | Noticed a sky beast
  3632 | D:3      | Killed an ogre
  3633 | D:3      | Reached skill level 5 in Unarmed Combat
  3633 | D:3      | Reached XP level 5. HP: 41/41 MP: 6/10
  3664 | D:3      | Learned a level 4 spell: Ice Form
  3785 | D:4      | Noticed Edmund
  3802 | D:4      | Killed Edmund
  3803 | D:4      | Reached XP level 6. HP: 31/51 MP: 8/11
  4149 | D:4      | Found Ikin's Armour Boutique.
  4162 | D:4      | Noticed Duvessa
  4164 | D:4      | Noticed Dowan
  4177 | D:4      | Killed Duvessa
  4178 | D:4      | Reached skill level 6 in Unarmed Combat
  4185 | D:4      | Killed Dowan
  4480 | D:4      | Found Cyask's Antique Armour Shoppe.
  4502 | D:4      | Reached XP level 7. HP: 46/57 MP: 9/13
  4882 | D:4      | Noticed Pikel
  4951 | D:4      | HP: 2/85 [iguana (5)]
  4985 | D:4      | Killed Pikel
  4986 | D:4      | Reached skill level 7 in Unarmed Combat
  4986 | D:4      | Slain by an iguana

Illustrated notes

Levels and vault maps discovered:
D:1:      dpeg_arrival_arbitrary_b, layout_rooms
D:2:      layout_loops_cross, basic_altar, shapermc_ecumenical_altar_flowoftime,
          minmay_statues_item
D:3:      due_chaos_kobolds, layout_basic, jmf_multi_god_temple2,
          gammafunk_temple_overflow_wave
D:4:      minmay_angry_zag, layout_loops_ring, serial_shops, shop,
          nicolae_take_the_stairs, kennysheep_flooded_box, minivault_11,
          chequers_decorated_corner, uniq_duvessa, uniq_pikel, uniq_edmund

Skill      XL: |  1  2  3  4  5  6  7 |
---------------+----------------------+-----
Fighting       | 1 2 3 |  3.0
Unarmed Combat | 3 4 5 6 7 |  7.8
Spellcasting   | 2 |  2.0
Transmutations | 2 3 4 |  4.0
Poison Magic   | 1 |  1.0
Dodging        | 2 |  2.0

Action                   |  1- 3 |  4- 6 |  7- 9 || total
-------------------------+-------+-------+-------++-------
Melee: Unarmed           |   103 |    59 |    19 ||   181
       Kick              |    21 |     1 |       ||    22
       Headbutt          |    16 |       |       ||    16
       Punch             |     2 |       |       ||     2
 Fire: Shortbow          |       |    18 |    43 ||    61
 Cast: Beastly Appendage |    23 |     1 |     1 ||    25
       Spider Form       |     5 |     8 |     2 ||    15
  Use: Potion            |       |       |     7 ||     7
 Stab: Sleeping          |     1 |     1 |       ||     2
Armor: Robe              |    25 |       |     1 ||    26
       Skin              |       |       |    96 ||    96
Dodge: Dodged            |    47 |    56 |    42 ||   145
